 Dungeon Crawl Stone Soup version 0.20-a0-700-gbd4582c (webtiles) character file.

840 Shnyaga the Grappler (level 7, -2/59 HPs)
             Began as a Troll Necromancer on Feb 20, 2017.
             Was a Follower of Ieoh Jian.
             Killed from afar by an efreet (21 damage)
             ... with a bolt of fire
             ... on level 9 of the Dungeon.
             The game lasted 00:15:02 (1133 turns).

Shnyaga the Grappler (Troll Necromancer)            Turns: 1133, Time: 00:15:03

Health: -2/59      AC:  6    Str: 19    XL:     7   Next: 67%
Magic:  2/7        EV: 10    Int: 13    God:    Ieoh Jian [*.....]
Gold:   103        SH:  0    Dex: 10    Spells: 4/8 levels left

rFire    . . .     SeeInvis +     - Unarmed
rCold    . . .     Gourm    +   a - +0 robe
rNeg     . . .     Faith    .   (no shield)
rPois    .         Spirit   .   (helmet restricted)
rElec    .         Reflect  .   i - +0 cloak
rCorr    .         Harm     .   (gloves unavailable)
MR       .....                  (boots unavailable)
Stlth    +.........             (no amulet)
Regen    0.6/turn               (no ring)
MPRegen  0.1/turn               h - ring of wizardry

@: no status effects
A: unfitting armour, claws 3, horns 1, see invisible, clever 1, fast metabolism
3, gourmand, regeneration 1, shaggy fur 1, tough skin 2, evolution 1
a: Renounce Religion


You were on level 9 of the Dungeon.
You worshipped Ieoh Jian.
Ieoh Jian was aware of your devotion.
You were full.

You visited 2 branches of the dungeon, and saw 10 of its levels.

You collected 103 gold pieces.

Inventory:

Missiles
 k - 2 throwing nets (quivered)
Armour
 a - a +0 robe (worn)
 i - a +0 cloak (worn)
Jewellery
 h - a ring of wizardry (left claw)
Wands
 m - a wand of scattershot (2/9)
 n - a wand of lightning (1/15)
Scrolls
 e - a scroll of enchant armour
Potions
 l - 3 potions of curing {unknown}
 o - a potion of heal wounds
Books
 b - a book of Necromancy

   Spells                             Type                      Level
   a - Pain                           Necromancy                   1
   b - Animate Skeleton               Necromancy                   1
   c - Vampiric Draining              Necromancy                   3
   d - Regeneration                   Charms/Necromancy            3
   e - Animate Dead                   Necromancy                   4
   f - Control Undead                 Necromancy                   4
Comestibles
 c - 2 bread rations
 g - 2 royal jellies
 j - 2 meat rations


   Skills:
 + Level 0.2 Fighting
 - Level 1.5 Dodging
 - Level 1.0 Stealth
 * Level 8.6 Unarmed Combat
 - Level 1.2 Spellcasting
 - Level 3.2 Necromancy


You had 4 spell levels left.
You knew the following spells:

 Your Spells              Type           Power        Failure   Level  Hunger
a - Pain                  Necr           #...         4%          1    ##.....
b - Regeneration          Chrm/Necr      #.........   24%         3    ####...


Dungeon Overview and Level Annotations

Branches:
Dungeon (9/15)             Temple (1/1) D:4
   Lair: D:8-11         Orc: D:9-12

Altars:
Ashenzari
Hepliaklqana Ieoh Jian
Kikubaaqudgha
Nemelex Xobeh
Qazlal
Ru
Sif Muna
Uskayaw

Annotations:
D:4 Blork the orc


Innate Abilities, Weirdness & Mutations

You are too large for most types of armour.
You have claws for hands.
Your metabolism is lightning-fast.
You like to eat raw meat.
Your natural rate of healing is unusually fast.
You are covered in fur. (AC +1)
You have very tough skin. (AC +2)
You have a pair of small horns on your head.
You have supernaturally acute eyesight. (SInv)
Your mind is acute. (Int +2)
You evolve.


Message History

The efreet is heavily wounded.
You scratch the efreet but do no damage.
You headbutt the efreet, but do no damage.
The efreet is heavily wounded.
The efreet gestures at you.
The fireball explodes!
The fireball engulfs you!
The fireball engulfs the efreet.
The efreet completely resists.
The water moccasin is engulfed in blazing flames.
You hear an angry hiss.
Evoke which item? (* to show all) (? for menu, Esc to quit)
Aiming: Scattershot
Press: ? - help, Shift-Dir - straight line, p - water moccasin The burst of metal fragments hits the efreet. x4
The efreet is heavily wounded.
This wand has 2 charges left.
The water moccasin is engulfed in blazing flames.
The water moccasin dies!
The efreet gestures at you. The bolt of fire hits you!
You die...

## .# .########## ##
###.#........
###.##...........
..............#
####..@#)..#.#
..[..#R##...# #
####.#§##)..#.#
#.#§..........
######.#.§.........
.......#............
#..††..R...##...
##...##§..## ###
##..##§.....


You could see an efreet.

Vanquished Creatures
  Grinder (D:3)
  An orc warrior (D:9)
  An ogre (D:6)
  A necrophage (D:6)
  2 hounds
  2 jellies
  An orc priest (D:5)
  A bullfrog skeleton (D:7)
  An iguana (D:4)
  3 worker ants
  5 adders
  3 gnolls (D:4)
  An adder zombie (D:6)
  2 leopard geckos
  4 orcs
  3 bats (D:3)
  2 giant cockroaches
  5 hobgoblins
  11 jackals
  2 kobolds
  2 quokkas
  A quokka skeleton (D:6)
  A quokka zombie (D:5)
56 creatures vanquished.

Vanquished Creatures (others)
  A water moccasin (D:9)
1 creature vanquished.

Grand Total: 57 creatures vanquished

Notes
Turn   | Place    | Note
-------+----------+-------------------------------------------
     0 | D:1      | Shnyaga the Troll Necromancer began the quest for the Orb.
     0 | D:1      | Reached XP level 1. HP: 16/16 MP: 1/1
    15 | D:1      | Reached skill level 1 in Unarmed Combat
    51 | D:2      | Reached XP level 2. HP: 23/24 MP: 2/2
    79 | D:3      | Reached skill level 2 in Unarmed Combat
   119 | D:4      | Reached skill level 3 in Unarmed Combat
   119 | D:4      | Reached XP level 3. HP: 11/31 MP: 3/3
   193 | D:4      | Reached XP level 4. HP: 18/39 MP: 4/4
   207 | D:3      | Noticed Grinder
   226 | D:3      | Killed Grinder
   226 | D:3      | Reached skill level 5 in Unarmed Combat
   226 | D:3      | Reached XP level 5. HP: 14/45 MP: 5/5
   226 | D:3      | Reached XP level 6. HP: 17/53 MP: 6/6
   269 | D:2      | Reached skill level 6 in Unarmed Combat
   289 | D:4      | Noticed Blork the orc
   320 | D:5      | Entered Level 5 of the Dungeon
   340 | D:4      | Found a staircase to the Ecumenical Temple.
   350 | Temple   | Entered the Ecumenical Temple
   412 | Temple   | Became a worshipper of the Ieoh Jian Council
   485 | D:4      | Gained mutation: Your spells are a little easier to cast, but a little less powerful. [potion of mutation]
   485 | D:4      | Gained mutation: You tend to lose your temper in combat. [potion of mutation]
   485 | D:4      | Gained mutation: You have supernaturally acute eyesight. (SInv) [potion of mutation]
   703 | D:6      | Reached skill level 7 in Unarmed Combat
   731 | D:6      | Reached XP level 7. HP: 58/59 MP: 7/7
   749 | D:6      | Lost mutation: Your spells are a little easier to cast, but a little less powerful. [potion of mutation]
   749 | D:6      | Lost mutation: You tend to lose your temper in combat. [potion of mutation]
   749 | D:6      | Gained mutation: Your mind is acute. (Int +2) [potion of mutation]
   749 | D:6      | Gained mutation: You have a pair of small horns on your head. [potion of mutation]
   749 | D:6      | Gained mutation: You evolve. [potion of mutation]
   956 | D:6      | Reached * piety under Ieoh Jian
  1040 | D:7      | Reached skill level 8 in Unarmed Combat
  1057 | D:7      | Learned a level 3 spell: Regeneration
  1124 | D:9      | Noticed an efreet
  1133 | D:9      | Killed from afar by an efreet

Vault maps used:
D:1:      sevenhm_arrival_forest_fort_small_3, minivault_19
D:2:      hangedman_decor_growths, serial_bayou_lagoon_b
D:3:      lightli_temple_of_fire, grunt_temple_overflow_open, uniq_grinder
D:4:      black_bear_nest_1, minmay_temple_entry_poolview, portal_sewer_entry_f,
          uniq_blork_the_orc
D:5:      first_bread
D:8:      uniq_joseph
D:9:      fedhas_altar_1, patterned_corridor
Temple:   dpeg_five_rooms_temple

Skill      XL: |  1  2  3  4  5  6  7 |
---------------+----------------------+-----
Unarmed Combat | 1 3 5 7 8 |  8.6
Fighting       | |  0.2
Dodging        | |  1.5
Stealth        | |  1.0
Spellcasting   | |  1.2
Necromancy     | |  3.2

Action                   |  1- 3 |  4- 6 |  7- 9 || total
-------------------------+-------+-------+-------++-------
Melee: Unarmed           |    50 |    54 |    76 ||   180
       Headbutt          |       |       |     8 ||     8
 Cast: Regeneration      |       |       |     3 ||     3
Evoke: Wand              |       |       |     3 ||     3
  Use: Potion            |       |     2 |     1 ||     3
       Scroll            |       |     1 |     9 ||    10
 Stab: Sleeping          |       |     4 |       ||     4
  Eat: Chunk             |     7 |     5 |     1 ||    13
Armor: Robe              |    27 |    17 |    24 ||    68
Dodge: Dodged            |    24 |    33 |    36 ||    93
